 Dungeon Crawl Stone Soup version 0.26.0-45-g9c1d065592 (webtiles) character file.

Game seed: 17066375285696513650

16559 runemasterragnar the Skirmisher (level 12, -3/172 HPs)
             Began as a Troll Monk on Jan 30, 2021.
             Was a High Priest of Cheibriados.
             Slain by Frances
             ... wielding a +0 halberd
              (21 damage)
             ... on level 12 of the Dungeon.
             The game lasted 00:18:14 (9836 turns).

runemasterragnar the Skirmisher (Troll Monk)        Turns: 9836, Time: 00:18:14

Health: -3/172     AC: 30    Str: 34    XL:     12   Next: 11%
Magic:  11/16      EV:  1    Int: 22    God:    Cheibriados [*****.]
Gold:   828        SH:  0    Dex: 27    Spells: 14/18 levels left

rFire    . . .     SeeInvis .     - Unarmed
rCold    . . .     Faith    .   (no shield)
rNeg     + + +     Spirit   .   (armour currently unavailable)
rPois    +         Reflect  .   (helmet currently unavailable)
rElec    .         Harm     .   (cloak currently unavailable)
rCorr    .         Rampage  .   (gloves unavailable)
Will     .....     NoTele   +   (boots unavailable)
Stlth    ++........             (no amulet)
HPRegen  0.78/turn              e - ring "Xouruh" {AC+4 Dex+3}
MPRegen  0.15/turn              Q - +4 ring of evasion

@: mighty, tree-form, very slightly contaminated, invisible, very slow
A: large, unfitting armour, regeneration 1
a: Renounce Religion, Bend Time, Temporal Distortion, Slouch, Step From Time


You were on level 12 of the Dungeon.
You worshipped Cheibriados.
Cheibriados was extremely pleased with you.
You were a tree.
You visited 2 branches of the dungeon, and saw 13 of its levels.
You also visited: Sewer.

You collected 828 gold pieces.

Inventory:

Missiles
 r - 3 silver javelins
 u - 49 poisoned darts
 z - 4 javelins (quivered)
Armour
 a - a +0 robe
 i - +0 ice dragon scales (melded)
 A - a +0 cloak of willpower (melded)
 V - the cursed +1 robe "Sohit" {Int+3, unknown}
   (You found it on level 11 of the Dungeon)

   It affects your intelligence (+3).
   It has a curse placed upon it.
Magical Staves
 S - an uncursed staff of cold {unknown}
Jewellery
 b - an uncursed ring of resist corrosion
 e - the ring "Xouruh" (left branch) {AC+4 Dex+3}
   (You found it on level 4 of the Dungeon)

   [ring of protection]

   It affects your AC (+4).
   It affects your dexterity (+3).
 g - an uncursed ring of protection from cold
 h - an uncursed ring of stealth
 n - an uncursed ring of magical power
 s - an uncursed ring of protection from cold
 K - an uncursed ring of see invisible {unknown}
 O - an uncursed amulet of guardian spirit
 Q - a +4 ring of evasion (right branch)
Wands
 p - a wand of polymorph (12)
 w - a wand of flame (55)
 R - a wand of digging (3)
Scrolls
 d - 3 scrolls of immolation
 f - 4 scrolls of remove curse
 j - 4 scrolls of teleportation
 m - a scroll of blinking
 y - a scroll of brand weapon {unknown}
 C - 3 scrolls of enchant weapon {unknown}
 D - 4 scrolls of identify
 E - 3 scrolls of fear {unknown}
 F - 2 scrolls of amnesia {unknown}
 H - 5 scrolls of enchant armour {unknown}
 I - 2 scrolls of magic mapping {unknown}
 L - 3 scrolls of fog {unknown}
 N - a scroll of noise {unknown}
 U - a scroll of torment {unknown}
Potions
 c - a potion of flight
 k - a potion of mutation
 l - 6 potions of attraction
 o - 4 potions of degeneration
 q - a potion of might
 t - 6 potions of curing
 v - 4 potions of berserk rage
 x - 2 potions of heal wounds
 B - 2 potions of lignification
 G - a potion of cancellation
 J - 6 potions of brilliance
 M - 2 potions of resistance
 P - a potion of haste


   Skills:
 - Level 6.8 Fighting
 - Level 3.6 Throwing
 - Level 6.0 Armour
 - Level 5.0 Dodging
 - Level 1.0 Stealth
 - Level 6.4 Unarmed Combat
 + Level 3.8 Spellcasting
 * Level 6.7 Summonings
 * Level 6.1 Air Magic
 - Level 3.8 Invocations


You had 14 spell levels left.
You knew the following spells:

 Your Spells              Type           Power        Failure   Level
a - Summon Lightning Spi  Summ/Air       32%          9%          4

Your spell library contained the following spells:

 Spells                   Type           Power        Failure   Level
 Summon Small Mammal      Summ           100%         1%          1
 Shock                    Conj/Air       68%          3%          1
 Summon Guardian Golem    Hex/Summ       19%          9%          3
 Static Discharge         Conj/Air       17%          10%         3
 Animate Skeleton         Necr           8%           12%         1
 Apportation              Tloc           8%           12%         1
 Corona                   Hex            4%           12%         1
 Freeze                   Ice            16%          12%         1
 Magic Dart               Conj           16%          12%         1
 Mephitic Cloud           Conj/Pois/Air  13%          16%         3
 Searing Ray              Conj           8%           17%         2
 Summon Ice Beast         Ice/Summ       19%          28%         4
 Frozen Ramparts          Ice            8%           34%         3
 Gell's Gravitas          Tloc           2%           34%         3
 Ozocubu's Armour         Ice            4%           34%         3
 Portal Projectile        Hex/Tloc       8%           34%         3
 Fulminant Prism          Conj/Hex       2%           75%         4
 Hailstorm                Conj/Ice       4%           75%         4
 Bolt of Magma            Conj/Fire/Erth 2%           97%         5
 Fireball                 Conj/Fire      2%           97%         5
 Iskenderun's Battlesphe  Conj           4%           97%         5
 Dispersal                Tloc           2%           100%        6
 Iron Shot                Conj/Erth      2%           100%        6
 Malign Gateway           Summ/Tloc      9%           100%        7
 Orb of Destruction       Conj           2%           100%        7
 Spellforged Servitor     Conj/Summ      9%           100%        7
 Disjunction              Tloc           2%           100%        8


Dungeon Overview and Level Annotations

Branches:
Dungeon (12/15)            Temple (1/1) D:5            Lair (0/6) D:8
    Orc (0/2) D:9           Sewer (visited)

Altars:
Ashenzari
Cheibriados
Dithmenos
Elyvilon
Fedhas
Gozag
Hepliaklqana
Kikubaaqudgha
Makhleb
Nemelex Xobeh
Okawaru
Qazlal
Ru
Sif Muna
Trog
Uskayaw
Vehumet
Wu Jian
Xom
Yredelemnul
Zin
The Shining One
Lugonu

Shops:
D:4 !

Annotations:
D:12 Frances


Innate Abilities, Weirdness & Mutations

You are too large for most types of armour.
((You have claws for hands.))
Your natural rate of healing is unusually fast.
((You are covered in fur. (AC +1)))
((You have extremely tough skin. (AC +3)))


Message History

You can feel time thicken for a moment.
You destroy the centaur skeleton!
Cheibriados thoroughly appreciates the change of pace.
Cheibriados raises the support of your attributes as your movement slows.
You kill the tarantella!
The tarantella's corpse disappears in a puff of smoke!
Cheibriados lowers the support of your attributes as your movement quickens.
Frances screams a word of power!
The chaos spawn hits you but does no damage.
The deep elf archer shoots an arrow.
The arrow hits you.
* * * LOW HITPOINT WARNING * * *
The hellwing hits you but does no damage. x2
Frances hits you from afar with a +0 halberd!!
* * * LOW HITPOINT WARNING * * *
Unknown command.
You feel much better.
The red devil disappears in a puff of smoke!
The chaos spawn gores you but does no damage.
Frances hits you from afar with a +0 halberd!!
You die...

####)# #.# #)#.### #(# #.#
#)#...# ##(# #.# #)#...#
#.(# #.# #)#...# ##.##
#.### #.#..<# #..# #.ee#
#.....# ##.##
###§######.#.#
#..#############(4...†..#.#
...............4♣########.#
#.##############4# ### #.#
#@# #.# #§. ..# #.## .##
### .# ##


You could see Frances (fast), an orange demon (summoned), a deep elf archer
(repels missiles), a hellwing (summoned), a deep elf mage and a chaos spawn
(summoned).

Vanquished Creatures
  Snorg (D:11)
  Erica (D:11)
  3 two-headed ogres
  2 centaur warriors (D:12)
  An unseen horror (D:11)
  An orc knight (D:12)
  Pikel (D:4)
  A deep elf mage (D:12)
  2 manticores
  A cyclops (D:12)
  Joseph (D:7)
  Psyche (D:10)
  3 centaur skeletons
  2 trolls
  Prince Ribbit (D:7)
  Sigmund (D:3)
  2 wraiths
  7 yaks
  Edmund (D:6)
  2 water moccasins
  4 orc warriors
  2 black bears
  3 phantoms
  3 sky beasts
  An eye of draining (D:12)
  13 centaurs
  8 ogres
  4 lemures (D:4)
  A big kobold (D:10)
  5 bullfrogs
  A wyvern skeleton (D:9)
  A water moccasin zombie (D:7)
  2 scorpions
  9 wights
  2 howler monkeys
  3 centaur zombies
  A quasit (D:11)
  18 orc wizards
  10 orc priests
  4 hounds
  5 jellies
  A bullfrog skeleton (D:9)
  2 iguanas
  7 worker ants
  Ijyb (D:5)
  A hound zombie (D:6)
  A hound skeleton (D:9)
  4 worker ant zombies
  Robin (D:3)
  5 adders
  2 shadow imps
  A white imp (D:7)
  4 ufetubi
  An ooze (D:7)
  3 adder skeletons
  An adder zombie (D:6)
  6 worms
  6 dart slugs
  8 leopard geckos
  61 orcs
  13 bats
  8 giant cockroaches
  7 hobgoblins
  8 jackals
  7 quokkas
  3 ball pythons
  8 frilled lizards
  14 goblins
  13 kobolds
  A quokka skeleton (D:5)
  11 rats
344 creatures vanquished.

Vanquished Creatures (collateral kills)
  An ogre (D:11)
  A jelly (D:11)
2 creatures vanquished.

Grand Total: 346 creatures vanquished

Notes
Turn   | Place    | Note
-------+----------+-------------------------------------------
     0 | D:1      | runemasterragnar the Troll Monk began the quest for the
                  | Orb.
     0 | D:1      | Reached XP level 1. HP: 22/22 MP: 0/0
   107 | D:1      | Reached XP level 2. HP: 28/29 MP: 1/1
   727 | D:2      | Reached XP level 3. HP: 19/36 MP: 2/2
  1041 | D:2      | Found a shimmering blue altar of Sif Muna.
  1198 | D:2      | Reached XP level 4. HP: 44/44 MP: 3/3
  1355 | D:2      | Found a hide-covered altar of Uskayaw.
  1423 | D:3      | Noticed Robin
  1462 | D:3      | Killed Robin
  1463 | D:3      | Reached skill level 1 in Armour
  1685 | D:3      | Reached XP level 5. HP: 40/53 MP: 4/4
  1925 | D:3      | Noticed Sigmund
  1930 | D:3      | Killed Sigmund
  1931 | D:3      | Reached XP level 6. HP: 62/62 MP: 5/5
  2436 | D:4      | Got a scintillating jade ring
  2442 | D:4      | Reached XP level 7. HP: 69/70 MP: 6/6
  2482 | D:4      | Found Moisk's Distillery.
  2482 | D:4      | Found a glowing drain.
  2539 | Sewer    | Entered a sewer
  2719 | D:4      | Found a basalt altar of Yredelemnul.
  2738 | D:4      | Noticed a moth of wrath
  2741 | D:4      | Found a bloodstained altar of Trog.
  2953 | D:4      | Reached skill level 5 in Unarmed Combat
  2966 | D:4      | Reached skill level 1 in Throwing
  3278 | D:4      | Noticed Pikel
  3287 | D:4      | Killed Pikel
  3288 | D:4      | Reached skill level 5 in Fighting
  3288 | D:4      | Reached XP level 8. HP: 80/80 MP: 7/7
  3455 | D:4      | Identified the ring "Xouruh" {AC+4 Dex+3} (You found it on
                  | level 4 of the Dungeon)
  3827 | D:5      | Entered Level 5 of the Dungeon
  3844 | D:5      | Noticed Ijyb
  3850 | D:5      | Killed Ijyb
  3883 | D:5      | Found a shadowy altar of Dithmenos.
  3883 | D:5      | Found an opulent altar of Gozag.
  3884 | D:5      | Found a blossoming altar of Fedhas.
  3911 | D:5      | Found a staircase to the Ecumenical Temple.
  3932 | Temple   | Entered the Ecumenical Temple
  4270 | D:5      | Found a snail-covered altar of Cheibriados.
  4315 | D:5      | Found a stormy altar of Qazlal.
  4327 | D:5      | Became a worshipper of Cheibriados the Contemplative
  4327 | D:5      | Reached * piety under Cheibriados
  4327 | D:5      | Reached ** piety under Cheibriados
  4373 | D:5      | Found an iron altar of Okawaru.
  4481 | D:5      | Identified Deggojo's Volume of Supportive Weightlessness
  4674 | D:5      | Learned a level 4 spell: Summon Lightning Spire
  4913 | D:6      | Reached skill level 1 in Invocations
  5310 | D:6      | Noticed Edmund
  5344 | D:6      | Killed Edmund
  5345 | D:6      | Reached skill level 5 in Armour
  5345 | D:6      | Reached XP level 9. HP: 84/87 MP: 9/9
  5484 | D:6      | Found an ornate altar of the Wu Jian Council.
  5505 | D:6      | Found a sparkling altar of Nemelex Xobeh.
  5514 | D:6      | Found a white marble altar of Elyvilon.
  5891 | D:7      | Noticed Joseph
  5907 | D:7      | Killed Joseph
  5969 | D:7      | Noticed Prince Ribbit
  5985 | D:7      | Reached *** piety under Cheibriados
  6008 | D:7      | Killed Prince Ribbit
  6246 | D:7      | Reached skill level 5 in Dodging
  6435 | D:8      | Found a glowing golden altar of the Shining One.
  6594 | D:8      | Found a staircase to the Lair.
  6896 | D:9      | Noticed a troll
  6909 | D:9      | Killed a troll
  6910 | D:9      | Reached XP level 10. HP: 89/100 MP: 11/11
  7100 | D:9      | Reached **** piety under Cheibriados
  7119 | D:9      | Reached skill level 1 in Summonings
  7203 | D:9      | Found a staircase to the Orcish Mines.
  7226 | D:9      | Found a radiant altar of Vehumet.
  7276 | D:9      | Noticed a two-headed ogre
  7286 | D:9      | Killed a two-headed ogre
  7287 | D:9      | Reached skill level 1 in Spellcasting
  7287 | D:9      | Reached skill level 1 in Air Magic
  7483 | D:9      | Found a sacrificial altar of Ru.
  7806 | D:10     | Entered Level 10 of the Dungeon
  7908 | D:10     | Reached ***** piety under Cheibriados
  8100 | D:10     | Noticed Psyche
  8113 | D:10     | Killed Psyche
  8444 | D:11     | Killed an unseen horror
  8445 | D:11     | Reached XP level 11. HP: 84/107 MP: 13/13
  8653 | D:11     | Identified the Compendium of Confrontation
  8673 | D:11     | Noticed a two-headed ogre
  8685 | D:11     | Killed a two-headed ogre
  8799 | D:11     | Noticed a two-headed ogre
  8807 | D:11     | Killed a two-headed ogre
  8808 | D:11     | Reached skill level 5 in Summonings
  8897 | D:11     | Got a distressingly furry robe
  9009 | D:11     | Noticed Snorg
  9020 | D:11     | Killed Snorg
  9143 | D:11     | Noticed Erica
  9167 | D:11     | Killed Erica
  9168 | D:11     | Reached skill level 5 in Air Magic
  9404 | D:12     | Noticed a deep elf mage
  9411 | D:12     | Killed a deep elf mage
  9637 | D:12     | Noticed a centaur warrior
  9641 | D:12     | Killed a centaur warrior
  9810 | D:12     | Noticed a centaur warrior
  9814 | D:12     | Killed a centaur warrior
  9815 | D:12     | Reached XP level 12. HP: 103/115 MP: 1/16
  9824 | D:12     | Noticed Frances
  9835 | D:12     | HP: 4/172 [Frances/+0 halberd (21)]
  9836 | D:12     | Slain by Frances

Illustrated notes

Levels and vault maps discovered:
D:1:      psy_arrival_radial02, layout_rooms, serial_forest,
          infiniplex_forest_straight_5, infiniplex_forest_lined_2,
          infiniplex_forest_lined_corner, infiniplex_forest_lined_room_2,
          infiniplex_forest_clump_medium, infiniplex_forest_diagonal,
          infiniplex_forest_pool, infiniplex_forest_clump_curved
D:2:      minmay_chambers_of_twos, layout_rooms, eat_drink_and_be_merry_uskayaw,
          lemuel_blue_sif_altar
D:3:      layout_loops_ring, minmay_fractal_squares_gapless_5, uniq_robin,
          uniq_sigmund
D:4:      minmay_thinvault, layout_basic, tgw_trog,
          nicolae_overflow_hidden_temple, gup_sewer_entry_glass, serial_shops,
          shop, uniq_pikel
D:5:      mumra_celtic_spiral_tile, layout_loops_ring, marbit_many_paths,
          kennysheep_little_box, general_overflow_altar,
          gammafunk_temple_overflow_claw, minmay_temple_entry_statues_pillars,
          uniq_ijyb
D:6:      layout_basic, nzn_wu_jian_council_hall, elyvilon_altar_5,
          lemuel_crystal_altar, serial_undead, serial_undead_c, serial_undead_a,
          serial_undead_e, serial_undead_d, uniq_edmund
D:7:      layout_rooms, item_on_display_a, uniq_joseph, uniq_prince_ribbit1
D:8:      layout_cave_pools, old_standard_altar, lair_entry_dummy
D:9:      minmay_angry_zag, layout_cross, kennysheep_mini,
          nicolae_ru_great_annihilating_truth, hiddenorc1_lemuel
D:10:     layout_rooms, billiards_dpeg, uniq_psyche
D:11:     layout_basic, uniq_snorg, uniq_erica
D:12:     minmay_swirls_squares, layout_basic, onia_ninara_dug_in_and_dangerous,
          uniq_frances
Temple:   corrupted_temple

Skill      XL: |  1  2  3  4  5  6  7  8  9 10 11 12 |
---------------+-------------------------------------+-----
Fighting       | 3 4 5 6 |  6.8
Armour         | 1 2 4 5 6 |  6.0
Dodging        | 3 4 5 |  5.0
Unarmed Combat | 4 5 6 |  6.4
Throwing       | 1 2 3 |  3.6
Invocations    | 1 3 |  3.8
Summonings     | 4 6 |  6.7
Spellcasting   | 2 3 |  3.8
Air Magic      | 3 5 6 |  6.1
Stealth        | |  1.0

Action                   |  1- 3 |  4- 6 |  7- 9 | 10-12 || total
-------------------------+-------+-------+-------+-------++-------
Melee: Unarmed           |   107 |   142 |   377 |   344 ||   970
       Punch             |     2 |     1 |     9 |    18 ||    30
Throw: Dart              |       |       |    20 |    16 ||    36
       Javelin           |       |       |     8 |    31 ||    39
 Cast: Summon Lightning  |       |       |       |     7 ||     7
Invok: Slouch            |       |       |       |     5 ||     5
Evoke: Wand              |       |       |       |    10 ||    10
  Use: Potion            |     1 |       |     3 |     6 ||    10
       Scroll            |       |     6 |     2 |     9 ||    17
 Stab: Sleeping          |     3 |       |       |       ||     3
       Distracted        |       |       |       |     1 ||     1
Armor: Robe              |    31 |       |       |       ||    31
       Ice dragon scales |    31 |    71 |   233 |   195 ||   530
       Skin              |       |       |       |    25 ||    25
Dodge: Dodged            |    39 |    64 |   199 |   245 ||   547
